 Dungeon Crawl Stone Soup version 0.20-a0-492-g6327889 (webtiles) character file.

22 Klosterheim the Slasher (level 2, 0/26 HPs)
             Began as a Naga Warper on Jan 15, 2017.
             Killed from afar by a dart slug (7 damage)
             ... with a slug dart
             ... on level 1 of the Dungeon.
             The game lasted 00:01:14 (1115 turns).

Klosterheim the Slasher (Naga Warper)               Turns: 1115, Time: 00:01:14

Health: 0/26       AC:  2    Str: 13    XL:     2   Next: 91%
Magic:  5/5        EV:  9    Int: 13    God:
Gold:   38         SH:  0    Dex: 10    Spells: 5/5 levels left

rFire    . . .     SeeInvis +   a - +0 falchion
rCold    . . .     Gourm    .   b - +0 leather armour
rNeg     . . .     Faith    .   (no shield)
rPois    +         Spirit   .   (no helmet)
rElec    .         Reflect  .   (no cloak)
rCorr    .         Harm     .   (no gloves)
MR       .....                  (no barding)
Stlth    +.........             (no amulet)
Regen    0.0/turn               (no ring)
                                (no ring)

@: very slow
A: see invisible, deformed body, poison resistance, slowness 2, slow metabolism
1, spit poison 1, AC +0
a: Spit Poison


You were on level 1 of the Dungeon.
You were not hungry.

You visited 1 branch of the dungeon, and saw 1 of its levels.

You collected 38 gold pieces.

Inventory:

Hand Weapons
 a - a +0 falchion (weapon)
Missiles
 e - 5 tomahawks of dispersal (quivered)
Armour
 b - a +0 leather armour (worn)
Scrolls
 d - a scroll of blinking
 g - a scroll of teleportation {unknown}
Potions
 h - a potion of heal wounds {unknown}
 k - a potion of curing {unknown}
Books
 c - a book of Spatial Translocations

   Spells                             Type                      Level
   a - Blink                          Translocation                2
   b - Shroud of Golubria             Charms/Translocation         2
   c - Lesser Beckoning               Translocation                3
   d - Portal Projectile              Translocation                3
   e - Teleport Other                 Translocation                3
   f - Passage of Golubria            Translocation                4
Comestibles
 f - a bread ration
 i - a meat ration


   Skills:
 - Level 2.0 Fighting
 + Level 3.3 Long Blades
 - Level 0.8 Throwing
 - Level 0.7 Armour
 - Level 1.5 Dodging
 - Level 2.0 Spellcasting
   Level 3.0 Translocations


You had 5 spell levels left.
You didn't know any spells.

Dungeon Overview and Level Annotations

Branches:
Dungeon (1/15)

Altars:


Innate Abilities, Weirdness & Mutations

You cannot wear boots.
Your serpentine skin is tough. (AC +0)
You have supernaturally acute eyesight. (SInv)
Armour fits poorly on your strangely shaped body.
Your system is resistant to poisons. (rPois)
You cover ground very slowly.
You have a slow metabolism.
You can spit poison.


Message History

You are too injured to fight recklessly!
You closely miss the kobold.
The kobold is severely wounded.
The kobold barely misses you.
You hit the kobold.
You kill the kobold!
The goblin throws a stone.
The stone hits you.
The goblin hits you with a dagger of flaming.
The goblin burns you. The goblin closely misses you.
You riposte.
You hit the goblin.
You kill the goblin!
The dart slug bites you.
* * * LOW HITPOINT WARNING * * *
Items here: ! ( ) † a dagger of flaming; 22 stones; a silvery potion; a goblin corpse You hit the dart slug.
The dart slug is severely wounded.
The dart slug launches a dart at you. The slug dart hits you!
You die...

### #.# #.#
#########.#######
######......(.........
#....#.#######.#######
#.#.##.# #.(.@w..#.#.#.#
#.#.##.###.#####........
#....#.#.........#.#.#.#
######..#.#.#.#####g. ..
#.......#.#..... #.#. .#
#.#####.#.#...# #.... >.
#.........#...# ..# #.
.# #######.###...# #.#
#. #
..............#####.# .#


You could see a dart slug.

Vanquished Creatures
  A dart slug (D:1)
  A ball python (D:1)
  A giant cockroach (D:1)
  2 goblins (D:1)
  2 hobgoblins (D:1)
  3 jackals (D:1)
  2 kobolds (D:1)
  A bat (D:1)
  A frilled lizard (D:1)
  4 rats (D:1)
18 creatures vanquished.

Notes
Turn   | Place    | Note
-------+----------+-------------------------------------------
     0 | D:1      | Klosterheim the Naga Warper began the quest for the Orb.
     0 | D:1      | Reached XP level 1. HP: 19/19 MP: 3/3
   374 | D:1      | Reached XP level 2. HP: 26/26 MP: 5/5
  1115 | D:1      | Killed from afar by a dart slug

Vault maps used:
D:1:      erik_arrival_cave_to_civilisation, st_stairs_8

Skill      XL: |  1  2 |
---------------+-------+-----
Long Blades    | 3 |  3.3
Fighting       | |  2.0
Throwing       | |  0.8
Armour         | |  0.7
Dodging        | |  1.5
Spellcasting   | |  2.0
Translocations | |  3.0

Action                   || total
-------------------------++-------
Melee: Falchion          ||    78
Armor: Leather armour    ||    29
Dodge: Dodged            ||    51
       Rpst.: Falchion   ||    16
